 Dungeon Crawl Stone Soup version 0.27.0-65-ge2af304b15 (webtiles) character file.

Game seed: 1657258447014814144

135 DearestLeader the Grave Robber (level 4, -1/36 HPs)
             Began as a Deep Dwarf Necromancer on Aug 19, 2021.
             Slain by an ogre (9 damage)
             ... on level 4 of the Dungeon.
             The game lasted 00:08:17 (2339 turns).

DearestLeader the Grave Robber (DDNe)               Turns: 2339, Time: 00:08:17

Health: -1/36      AC:  5    Str: 11    XL:     4   Next: 96%
Magic:  0/7        EV: 12    Int: 17    God:
Gold:   112        SH:  0    Dex: 13    Spells: 2/7 levels left

rFire    . . .     SeeInvis .   c - +0 dagger
rCold    . . .     Faith    .   (no shield)
rNeg     . . .     Spirit   .   a - +0 robe
rPois    .         Reflect  .   i - +2 helmet
rElec    .         Harm     .   (no cloak)
rCorr    .         Rampage  .   (no gloves)
Will     .....                  (no boots)
Stlth    ++........             (no amulet)
HPRegen  0.00/turn              (no ring)
MPRegen  0.10/turn              (no ring)

@: no status effects
A: damage resistance, heal wounds, sense surroundings 1, no regeneration
a: Heal Wounds


You were on level 4 of the Dungeon.
You visited 1 branch of the dungeon, and saw 4 of its levels.

You collected 112 gold pieces.

Inventory:

Hand Weapons
 c - a +0 dagger (weapon)
 d - a +0 falchion
Missiles
 f - 11 javelins (quivered)
 k - 21 poisoned darts
Armour
 a - a +0 robe (worn)
 i - a +2 helmet (worn)
 n - a +0 leather armour
 r - a +0 chain mail
Magical Staves
 m - a staff of cold
 p - a staff of conjuration
Scrolls
 g - 2 scrolls of enchant armour {unknown}
 j - 2 scrolls of identify {unknown}
 l - a scroll of teleportation {unknown}
 o - a scroll of noise {unknown}
 q - a scroll of fear {unknown}
 s - a scroll of fog {unknown}
Potions
 b - 2 potions of haste {unknown}
 e - a potion of flight {unknown}
 h - 3 potions of ambrosia {unknown}


   Skills:
 + Level 2.5 Dodging
 - Level 2.4 Stealth
 - Level 2.0 Spellcasting
 * Level 6.7 Necromancy


You had 2 spell levels left.
You knew the following spells:

 Your Spells              Type           Power      Damage    Failure   Level
a - Pain                  Necr           96%        1d8       1%          1
b - Animate Skeleton      Necr           48%        N/A       1%          1
c - Vampiric Draining     Necr           12%        2d7       3%          3

Your spell library contained the following spells:

 Spells                   Type           Power      Damage    Failure   Level
 Sublimation of Blood     Necr           12%        N/A       1%          2
 Wereblood                Tmut           1%         N/A       28%         2
 Animate Dead             Necr           12%        N/A       12%         4
 Agony                    Necr           24%        N/A       34%         5
 Summon Hydra             Summ           0%         N/A       100%        7


Dungeon Overview and Level Annotations

Branches:
Dungeon (4/15)
 Temple: D:4-7

Altars:
Qazlal


Innate Abilities, Weirdness & Mutations

You are resistant to damage.
You can heal yourself by infusing magical energy.
You passively map a small area around you.
You do not regenerate.


Message History

The ogre writhes in agony.
The ogre barely misses you.
Casting: Pain (safe; 1% risk of failure)
Confirm with . or Enter, or press ? or * to list all spells.
Aiming: Pain (safe; 1% risk of failure)
Press: ? - help, Shift-Dir - straight line, f/p - ogre
Aim: an ogre, wielding a +0 giant club (moderately wounded, chance to affect: 83%)
The ogre writhes in agony!
Casting: Pain (safe; 1% risk of failure)
Confirm with . or Enter, or press ? or * to list all spells.
Aiming: Pain (safe; 1% risk of failure)
Press: ? - help, Shift-Dir - straight line, f/p - ogre
Aim: an ogre, wielding a +0 giant club (heavily wounded, chance to affect: 83%)
The ogre writhes in agony.
The ogre hits you with a +0 giant club!
You hit the ogre.
The ogre is severely wounded.
The ogre closely misses you.
You hit the ogre.
The ogre is severely wounded.
The ogre hits you with a +0 giant club!
Casting: Pain (safe; 1% risk of failure)
Confirm with . or Enter, or press ? or * to list all spells.
Aiming: Pain (safe; 1% risk of failure)
Press: ? - help, Shift-Dir - straight line, f/p - ogre
Aim: an ogre, wielding a +0 giant club (severely wounded, chance to affect: 83%)
The ogre barely resists.
The ogre hits you with a +0 giant club!
* * * LOW HITPOINT WARNING * * *
Unknown command.
Casting: Pain (safe; 1% risk of failure)
Confirm with . or Enter, or press ? or * to list all spells.
Aiming: Pain (safe; 1% risk of failure)
Press: ? - help, Shift-Dir - straight line, f/p - ogre
Aim: an ogre, wielding a +0 giant club (severely wounded, chance to affect: 83%)
The ogre writhes in agony.
Casting: Pain (safe; 1% risk of failure)
Confirm with . or Enter, or press ? or * to list all spells.
Aiming: Pain (safe; 1% risk of failure)
Press: ? - help, Shift-Dir - straight line, f/p - ogre
Aim: an ogre, wielding a +0 giant club (almost dead, chance to affect: 83%)
The ogre writhes in agony.
The ogre hits you with a +0 giant club!
You die...

#.......>.######
#.####.........# ##.#
###.......# #..#
#.......### ##.##
#.......... #..#
#....[..... ##.#
#.......##$ #O##
###......#.. #.@#
#........... ##.#
###.##......#.
#.###...####....#
#.<..............>
##..##.......#....
###.##............
##...##............
####..#.##............
##....##.#####.#.......


You could see an ogre.

Vanquished Creatures
  A jelly (D:4)
  Jessica (D:3)
  An adder (D:3)
  2 worms
  3 orcs (D:3)
  6 bats
  7 endoplasms
  A giant cockroach (D:1)
  6 goblins
  3 hobgoblins
  9 kobolds
  3 quokkas
  6 ball pythons
  2 frilled lizards (D:1)
  5 rats
56 creatures vanquished.

Vanquished Creatures (collateral kills)
  A bat (D:1)
  A goblin (D:1)
2 creatures vanquished.

Grand Total: 58 creatures vanquished

Notes
Turn   | Place    | Note
-------+----------+-------------------------------------------
     0 | D:1      | DearestLeader the Deep Dwarf Necromancer began the quest
                  | for the Orb.
     0 | D:1      | Reached XP level 1. HP: 15/15 MP: 3/3
   143 | D:1      | Reached XP level 2. HP: 22/22 MP: 1/4
   199 | D:1      | Learned a level 1 spell: Animate Skeleton
   209 | D:1      | Reached skill level 5 in Necromancy
   530 | D:1      | Reached XP level 3. HP: 15/28 MP: 3/5
   534 | D:1      | Learned a level 3 spell: Vampiric Draining
  1614 | D:3      | Noticed Jessica
  1618 | D:3      | Killed Jessica
  1619 | D:3      | Reached skill level 6 in Necromancy
  1619 | D:3      | Reached XP level 4. HP: 36/36 MP: 2/7
  2139 | D:4      | Found a stormy altar of Qazlal.
  2221 | D:4      | Noticed a scorpion
  2305 | D:4      | Noticed an ogre
  2339 | D:4      | Slain by an ogre

Illustrated notes

Levels and vault maps discovered:
D:1:      minmay_arrival_arboretum_small, layout_rooms
D:2:      layout_basic, chequers_serial_rivers_large_a
D:3:      layout_rooms, grunt_ministairs_6, uniq_jessica
D:4:      layout_rooms, mainiacjoe_overflow_chevrons,
          nicolae_qazlal_eye_of_the_storm

Skill      XL: |  1  2  3 |
---------------+----------+-----
Necromancy     | 5 6 |  6.7
Spellcasting   | 2 |  2.0
Dodging        | |  2.5
Stealth        | |  2.4

Action                   |  1- 3 |  4- 6 || total
-------------------------+-------+-------++-------
Melee: Dagger            |    26 |    11 ||    37
       Unarmed           |     1 |       ||     1
Throw: Javelin           |     1 |       ||     1
       Dart              |       |     1 ||     1
 Cast: Pain              |    51 |    34 ||    85
       Animate Skeleton  |     4 |     1 ||     5
       Vampiric Draining |     7 |     1 ||     8
 Stab: Sleeping          |     5 |     1 ||     6
Armor: Robe              |    11 |     1 ||    12
Dodge: Dodged            |    26 |    10 ||    36
